 Dungeon Crawl Stone Soup version 0.31-a0-1008-g5b978dac0e (webtiles) character file.

Game seed: 4230836351742118968

56 Malachi the Ruffian (level 3, -1/26 HPs)
             Began as a Demonspawn Shapeshifter on Nov 13, 2023.
             Slain by a gnoll
             ... wielding a +1 spear of freezing
              (3 damage)
             ... on level 3 of the Dungeon.
             The game lasted 00:02:09 (1688 turns).

Malachi the Ruffian (Demonspawn Shapeshifter)       Turns: 1688, Time: 00:02:09

Health: -1/26      AC:  2    Str: 16    XL:     3   Next: 69%
Magic:  3/3        EV: 12    Int: 11    God:
Gold:   110        SH:  0    Dex: 12    Spells: 2/2 levels left

rFire   . .          .
                       - Unarmed
rCold   . . .        (no shield)
rNeg    . . .        a - +0 animal skin
rPois   .            (helmet currently unavailable)
rElec   .            (cloak currently unavailable)
rCorr   .            (gloves currently unavailable)
SInv    .            (boots currently unavailable)
Will    .....        (no amulet)
Stlth   +            (no ring)
HPRegen 0.24/turn    (no ring)
MPRegen 0.08/turn

%: no passive effects
@: beast-form
A: beast (slay +1), demonic magic 1, weakness stinger 1
a: Begin Untransformation


You were on level 3 of the Dungeon.
You were a hulking beast.
You visited 1 branch of the dungeon, and saw 3 of its levels.

You collected 110 gold pieces.

Inventory:

Hand Weapons
 o - the +0 dagger of Kismet {heavy, rN+}
   (You found it on level 2 of the Dungeon)

   rN+:       It protects you from negative energy.
Armour
 a - a +0 animal skin (worn)
 l - a +0 pair of gloves
 q - an orb of wrath
Talismans
 c - a beast talisman
 d - a flux talisman
 j - a blade talisman
Scrolls
 e - a scroll of silence
 f - a scroll of vulnerability
 g - a scroll of identify
 k - 2 scrolls of teleportation {unknown}
 m - a scroll of poison {unknown}
Potions
 b - a potion of lignification
 h - 2 potions of curing
 i - a potion of invisibility
 n - a potion of degeneration {unknown}
 p - a potion of mutation {unknown}


   Skills:
 - Level 1.0 Fighting
 - Level 1.7 Dodging
 + Level 3.9 Unarmed Combat
 + Level 3.1 Shapeshifting


You had 2 spell levels left.
You didn't know any spells.
Your spell library contained the following spells:

 Spells                   Type           Power      Damage    Failure   Level
 Necrotise                Necr           0%         1d4       34%         1
 Shock                    Conj/Air       0%         1d3       34%         1
 Blink                    Tloc           0%         N/A       47%         2
 Lesser Beckoning         Tloc           0%         N/A       47%         2
 Momentum Strike          Conj/Tloc      0%         3d8       47%         2
 Swiftness                Air            0%         N/A       71%         3
 Vampiric Draining        Necr           0%         2d6       71%         3
 Airstrike                Air            0%         2d(0-16)  98%         4
 Manifold Assault         Tloc           0%         N/A       98%         4
 Agony                    Necr           0%         N/A       100%        5


Dungeon Overview and Level Annotations

Branches:
Dungeon (3/15)

Altars:


Innate Abilities, Weirdness & Mutations

You are a hulking beast.
Your limbs bulge with bestial killing power. (Slay +1)
Spells you cast may paralyse adjacent enemies.
You have a small tail.


Message History

You see here a ball python corpse.
You see here an orb of wrath.
q - an orb of wrath You now have 104 gold pieces (gained 10).
You see here a ball python corpse.
Found a club.
Found 4 curare-tipped darts.
You now have 110 gold pieces (gained 6).
Found a faded altar of an unknown god.
A gnoll comes into view. It is wielding a +0 spear.
The gnoll shouts!
A gnoll is nearby!
A gnoll is nearby!
A dart slug and a gnoll come into view.
A gnoll comes into view. It is wielding a +1 spear of freezing.
The dart slug moves out of view.
Found a short sword.
There is a faded altar of an unknown god here.
You see here a scroll of immolation.
A gnoll comes into view. It is wielding a +0 whip.
The gnoll shouts!
The gnoll attacks as it pursues you!
The gnoll hits you from afar with a +0 spear.
The gnoll hits you from afar with a +1 spear of freezing.
The gnoll freezes you. The gnoll attacks as it pursues you!
The gnoll hits you from afar with a +1 spear of freezing.
The gnoll freezes you. The gnoll attacks as it pursues you!
The gnoll hits you from afar with a +1 spear of freezing.
The gnoll freezes you. The gnoll attacks as it pursues you!
The gnoll closely misses you. The gnoll attacks as it pursues you!
The gnoll hits you from afar with a +1 spear of freezing.
* * * LOW HITPOINT WARNING * * *
The gnoll freezes you.
* * * LOW HITPOINT WARNING * * *
The gnoll attacks as it pursues you!
The gnoll hits you from afar with a +1 spear of freezing.
You die...

.#####....####
#.#
..##.........##
#.#
..............#
#######.#
........†.....#
#.......#
.####.#...#.#.#
#.####### .#
#.#...#.#.###.#
.#
#.#.....#.....#
.#
#.####..####..#
.# #.# #..# #h.#
# #.# #### #..#
### #g.# #.g#
#####g.#
#).....#########
#..............#
##......+.......
#.#..##.#......


You could see 3 gnolls.

Vanquished Creatures
  An adder (D:2)
  A worm (D:2)
  2 dart slugs
  5 bats
  4 endoplasms
  4 giant cockroaches
  3 hobgoblins (D:2)
  3 kobolds
  2 quokkas
  5 ball pythons
  2 frilled lizards (D:2)
  A goblin (D:3)
  3 rats
36 creatures vanquished.

Notes
Turn   | Place    | Note
-------+----------+-------------------------------------------
     0 | D:1      | Malachi the Demonspawn Shapeshifter began the quest for the
                  | Orb.
     0 | D:1      | Reached XP level 1. HP: 15/15 MP: 1/1
   261 | D:1      | Gained mutation: You have a small tail. [demonic ancestry]
   261 | D:1      | Reached XP level 2. HP: 19/21 MP: 2/2
   866 | D:2      | Gained mutation: Spells you cast may paralyse adjacent
                  | enemies. [demonic ancestry]
   866 | D:2      | Reached XP level 3. HP: 15/26 MP: 3/3
  1398 | D:2      | Identified the +0 dagger of Kismet {heavy, rN+}
  1672 | D:3      | Found a faded altar of an unknown god.
  1688 | D:3      | Slain by a gnoll

Illustrated notes

Levels and vault maps discovered:
D:1:      ebering_trefoil_twist, layout_loops_ring
D:2:      layout_basic
D:3:      layout_loops_ring, lightli_temple_of_fire, lemuel_round_altar,
          hellmonk_ecumenical_altar_blasted, kennysheep_nondescript

Skill      XL: |  1  2  3 |
---------------+----------+-----
Unarmed Combat | 3 |  3.9
Shapeshifting  | 3 |  3.1
Fighting       | |  1.0
Dodging        | |  1.7

Action                     || total
---------------------------++-------
  Melee: Unarmed           ||    86
         Tailslap          ||    11
         Punch             ||     1
    Use: Scroll            ||     4
   Stab: Sleeping          ||     2
 Armour: Animal skin       ||    45
  Dodge: Dodged            ||    45

Table legend: (Time is in decaauts)
 A = Elapsed time spent in this place.
 B = Non-inter-level travel time spent in this place.
 C = Inter-level travel time spent in this place.
 D = Time resting spent in this place.
 E = Time spent auto-exploring this place.
 F = Levels seen in this place.
 G = Mean time per level.
                   A        B        C        D        E       F      G
               +--------+--------+--------+--------+--------+-----+--------+
         Total |   1682 |   1641 |     41 |    273 |   1102 |   3 |  560.7 |
       Dungeon |   1682 |   1641 |     41 |    273 |   1102 |   3 |  560.7 |
               +--------+--------+--------+--------+--------+-----+--------+

Top non-repeatable levels by time:
     D:1: 776 daAuts
     D:2: 754 daAuts
     D:3: 151 daAuts
